 Dungeon Crawl Stone Soup version 0.29.0-4-gdea44cf6ec (webtiles) character file.

Game seed: 17108408837560764663

542 qw the Chopper (level 7, -10/41 HPs)
             Began as a Tengu Warper on Aug 28, 2022.
             Killed by divine providence
             ... invoked by an orc priest
              (15 damage)
             ... on level 5 of the Dungeon.
             The game lasted 00:00:26 (4173 turns).

qw the Chopper (Tengu Warper)                       Turns: 4173, Time: 00:00:26

Health: -10/41     AC: 10    Str: 13    XL:     7   Next: 27%
Magic:  11/11      EV: 11    Int: 14    God:
Gold:   248        SH:  0    Dex: 13    Spells: 10/10 levels left

rFire   . . .      SeeInvis .   Y - +0 hand axe
rCold   . . .      Faith    .   (no shield)
rNeg    . . .      Spirit   .   a - +0 chain mail
rPois   .          Reflect  .   (helmet restricted)
rElec   .          Harm     .   (no cloak)
rCorr   .          Rampage  .   j - +0 pair of gloves
Will    .....                   (boots unavailable)
Stlth   ..........              c - amulet of the acrobat
HPRegen 0.13/turn               h - +4 ring of evasion
MPRegen 0.12/turn               (no ring)

@: about to teleport, flying quickly and evasively, quick
A: beak, talons 3, nimble flight
a: no special abilities


You were on level 5 of the Dungeon.
You visited 1 branch of the dungeon, and saw 5 of its levels.

You collected 305 gold pieces.
You spent 57 gold pieces at shops.


Innate Abilities, Weirdness & Mutations

You have a beak for a mouth.
You have claws for feet.
Your magical nature lets you fly swiftly and evasively.


   Skills:
 - Level 3.5 Fighting
 + Level 7.3 Axes
 - Level 1.0 Throwing
 - Level 2.7 Armour
 - Level 2.1 Dodging
 - Level 2.0 Spellcasting
 - Level 2.4 Translocations


You had 10 spell levels left.
You didn't know any spells.
Your spell library contained the following spells:

 Spells                   Type           Power      Damage    Failure   Level
 Blink                    Tloc           16%        N/A       99%         2
 Gell's Gravitas          Tloc           8%         N/A       100%        3
 Lesser Beckoning         Tloc           8%         N/A       100%        3
 Teleport Other           Tloc           8%         N/A       100%        3
 Manifold Assault         Tloc           8%         N/A       100%        5

Inventory:

Hand Weapons
 e - a +0 whip
 Y - a +0 hand axe (weapon)
Missiles
 l - 2 boomerangs (quivered)
Armour
 a - a +0 chain mail (worn)
 j - a +0 pair of gloves (worn)
Jewellery
 c - an amulet of the acrobat (around neck)
 h - a +4 ring of evasion (left hand)
Scrolls
 i - 4 scrolls of identify
Potions
 d - 2 potions of haste
 f - 2 potions of curing {unknown}
 g - a potion of mutation

Dungeon Overview and Level Annotations

Branches:
Dungeon (5/15)
 Temple: D:4-7

Altars:
Kikubaaqudgha
Trog

Shops:
D:1 =*([

Annotations:
D:4 2 transporters, qw's ghost, novice TeWr


Message History

An orc comes into view. It is wielding a +0 falchion.
The orc hits you but does no damage.
You miss the adder.
The adder is severely wounded.
You hit the orc. The adder bites you but does no damage.
An orc wizard comes into view. It is wielding a +0 dagger.
The orc hits you but does no damage. The adder barely misses you.
You barely miss the adder. Your kick misses the adder.
The adder is severely wounded.
You hit the orc but do no damage. The orc hits you but does no damage.
The adder closely misses you.
You hit the adder. Your peck misses the adder.
The adder is almost dead.
You closely miss the orc. The orc completely misses you.
The adder closely misses you.
You hit the adder but do no damage. Your kick misses the adder.
The adder is almost dead.
You closely miss the orc. The adder barely misses you.
The orc hits you but does no damage.
You hit the adder.
You kill the adder!
You hit the orc priest. You hit the orc.
The orc priest hits you with a +0 whip.
You slash the orc!
You kill the orc!
You hit the orc priest.
You hit the orc priest but do no damage.
The orc priest calls down the wrath of Beogh upon you.
Pain shoots through your body!
4173 ||| READING scroll of teleportation.
As you read the scroll of teleportation, it crumbles to dust.
You feel strangely unstable. The orc closely misses you.
The orc wizard gestures wildly while chanting.
The orc wizard flickers and vanishes!
Deactivating autopickup; reactivate with Ctrl-A.
The orc priest invokes the aid of Beogh against you.
Beogh smites you!
You die...

###### ## ####
##.##.##.## # #...##
#.<.#.....# .###
##....###.........##...#
.......##.........#....#
...#..................#
##>.#.................##
#...#..................#.
##>.#...........@o.#.....
.#.....#.......o.o.......
..#...##........{........
.......#.................
..)..........#...........
).#.....#....#...........
.##.....##......##.......
.)..............# ....#..
................# ##..##.


You could see 2 orc priests and an orc.

Vanquished Creatures
  A black bear (D:4)
  An ogre (D:5)
  A phantom (D:4)
  A scorpion (D:5)
  An iguana (D:5)
  An orc wizard (D:4)
  6 gnolls
  2 adders
  A worm (D:4)
  4 dart slugs
  3 orcs
  5 ball pythons
  8 endoplasms
  17 giant cockroaches
  7 goblins
  10 hobgoblins
  3 jackals (D:2)
  7 kobolds
  3 quokkas
  3 bats (D:3)
  2 frilled lizards
  7 rats
94 creatures vanquished.

Vanquished Creatures (others)
  4 fungi (D:4)
4 creatures vanquished.

Grand Total: 98 creatures vanquished

Notes
Turn   | Place    | Note
-------+----------+-------------------------------------------
     0 | D:1      | qw the Tengu Warper began the quest for the Orb.
     0 | D:1      | Reached XP level 1. HP: 12/12 MP: 4/4
     0 | D:1      | 0 ||| qw: Version: 0.1-a-89-g26bdef1
     0 | D:1      | 0 ||| qw: Game counter: 128
     0 | D:1      | 0 ||| qw: Always use a shield: true
     0 | D:1      | 0 ||| qw: God list: Okawaru
     0 | D:1      | 0 ||| qw: Allow faded altars: false
     0 | D:1      | 0 ||| qw: Do Orc after D:15 true
     0 | D:1      | 0 ||| qw: Do second Lair branch before Depths: true
     0 | D:1      | 0 ||| qw: Lair rune preference: random
     0 | D:1      | 0 ||| qw: Plans: Normal
     0 | D:1      | 0 ||| PLANNING D:1-11
    15 | D:1      | 15 ||| Stepping ~*~*~tactically~*~*~ (stealth).
    36 | D:1      | Found Cism's Antique Armour Emporium.
    44 | D:1      | 44 ||| SHOPLISTING chain mail (94 gold, have 0).
    44 | D:1      | 44 ||| SHOPLISTING pair of embroidered gloves (157 gold,
                  | have 0).
    44 | D:1      | 44 ||| SHOPLISTING ring mail (84 gold, have 0).
    44 | D:1      | 44 ||| SHOPLISTING shiny plate armour (546 gold, have 0).
   195 | D:1      | Reached skill level 3 in Axes
   195 | D:1      | Reached XP level 2. HP: 17/17 MP: 6/6
   242 | D:1      | Found Ilivaihu's Jewellery Shoppe.
   243 | D:1      | 243 ||| Stepping ~*~*~tactically~*~*~ (hiding).
   377 | D:1      | 377 ||| SHOPLISTING +6 ring of dexterity (432 gold, have
                  | 35).
   377 | D:1      | 377 ||| SHOPLISTING ring "Qeathar" {Ice *Slow Dex+3 Stlth+}
                  | (426 gold, have 35).
   377 | D:1      | 377 ||| SHOPLISTING ring of fire (300 gold, have 35).
   377 | D:1      | 377 ||| SHOPLISTING ring of positive energy (240 gold, have
                  | 35).
   377 | D:1      | 377 ||| SHOPLISTING ring of willpower (300 gold, have 35).
   384 | D:1      | Found a faded altar of an unknown god.
   448 | D:1      | Found Vor Bimuv's Weapon Shop.
   592 | D:1      | Found Viwkof's Assorted Antiques.
   604 | D:1      | 604 ||| Stepping ~*~*~tactically~*~*~ (stealth).
   609 | D:1      | Reached XP level 3. HP: 21/21 MP: 7/7
   692 | D:1      | 692 ||| SHOPLISTING glowing mace (114 gold, have 67).
   692 | D:1      | 692 ||| BUYING scroll labelled HUPRAASSAPS (19 gold).
   692 | D:1      | Bought a scroll labelled HUPRAASSAPS for 19 gold pieces
   692 | D:1      | 692 ||| BUYING scroll labelled HUPRAASSAPS (19 gold).
   692 | D:1      | Bought a scroll labelled HUPRAASSAPS for 19 gold pieces
   692 | D:1      | 692 ||| BUYING scroll labelled VAXUEC PEUZ (19 gold).
   692 | D:1      | Bought a scroll labelled VAXUEC PEUZ for 19 gold pieces
   721 | D:1      | Reached skill level 4 in Axes
   821 | D:1      | 821 ||| Stepping ~*~*~tactically~*~*~ (stealth).
   848 | D:1      | 848 ||| UPGRADING to +4 ring of evasion.
   849 | D:1      | 849 ||| READING scroll labelled RESHAL XOAQO.
   850 | D:1      | 850 ||| READING 2 scrolls labelled HUPRAASSAPS.
   851 | D:1      | 851 ||| READING scroll labelled VAXUEC PEUZ.
   852 | D:1      | 852 ||| DRINKING 2 cyan potions.
   853 | D:1      | 853 ||| DRINKING 2 grey potions.
   854 | D:1      | 854 ||| DROPPING scroll of blinking.
   855 | D:1      | 855 ||| DROPPING potion of degeneration.
  1063 | D:2      | Reached XP level 4. HP: 20/26 MP: 8/8
  1086 | D:2      | 1086 ||| Stepping ~*~*~tactically~*~*~ (stealth).
  1163 | D:2      | HP: 3/26 [gnoll/+0 halberd (12)]
  1165 | D:2      | Reached skill level 5 in Axes
  1392 | D:2      | 1392 ||| FLEEEEING.
  1393 | D:2      | 1393 ||| FLEEEEING.
  1394 | D:2      | 1394 ||| FLEEEEING.
  1395 | D:2      | 1395 ||| FLEEEEING.
  1397 | D:2      | 1397 ||| Stepping ~*~*~tactically~*~*~ (stealth).
  1398 | D:2      | 1398 ||| Stepping ~*~*~tactically~*~*~ (stealth).
  1399 | D:2      | 1399 ||| Stepping ~*~*~tactically~*~*~ (stealth).
  1693 | D:2      | 1693 ||| Stepping ~*~*~tactically~*~*~ (stealth).
  1695 | D:2      | 1695 ||| Stepping ~*~*~tactically~*~*~ (stealth).
  1702 | D:2      | 1702 ||| Stepping ~*~*~tactically~*~*~ (stealth).
  1714 | D:2      | 1714 ||| Stepping ~*~*~tactically~*~*~ (stealth).
  2245 | D:2      | 2245 ||| UPGRADING to +0 ring mail.
  2255 | D:2      | 2255 ||| DROPPING +0 leather armour.
  2256 | D:2      | 2256 ||| READING scroll labelled ETOSOPH IBIU.
  2261 | D:2      | 2261 ||| READING scroll labelled XEIK ZIBUWIFEN.
  2362 | D:2      | 2362 ||| READING scroll labelled RIMONLI RYSUVU.
  2363 | D:2      | 2363 ||| READING 2 scrolls of identify.
  2363 | D:2      | 2363 ||| IDENTIFYING purple potion
  2364 | D:2      | 2364 ||| DROPPING potion of brilliance.
  2661 | D:3      | Gained mutation: Your magical nature lets you fly swiftly
                  | and evasively. [Tengu growth]
  2661 | D:3      | Reached XP level 5. HP: 30/30 MP: 9/9
  2980 | D:3      | 2980 ||| DROPPING scarf of shadows.
  2981 | D:3      | 2981 ||| UPGRADING to +0 pair of gloves.
  2986 | D:3      | 2986 ||| UPGRADING to amulet of the acrobat.
  2991 | D:3      | 2991 ||| READING scroll labelled ICOMEJOVEW.
  2992 | D:3      | 2992 ||| READING 2 scrolls of identify.
  2992 | D:3      | 2992 ||| IDENTIFYING bubbling white potion
  3196 | D:4      | Noticed a black bear
  3197 | D:4      | 3197 ||| Stepping ~*~*~tactically~*~*~ (stealth).
  3212 | D:4      | Killed a black bear
  3213 | D:4      | Reached skill level 6 in Axes
  3213 | D:4      | Reached XP level 6. HP: 34/35 MP: 10/10
  3260 | D:4      | Found a transporter.
  3322 | D:4      | Reached skill level 7 in Axes
  3427 | D:4      | Found a bloodstained altar of Trog.
  3454 | D:4      | Found a transporter.
  3458 | D:4      | Noticed qw's ghost (novice TeWr)
  3484 | D:4      | Found an ancient bone altar of Kikubaaqudgha.
  3638 | D:4      | 3638 ||| UPGRADING to +0 chain mail.
  3648 | D:4      | 3648 ||| DROPPING +0 ring mail.
  3659 | D:5      | Entered Level 5 of the Dungeon
  3666 | D:5      | 3666 ||| STAIRDANCE
  4032 | D:5      | 4032 ||| Stepping ~*~*~tactically~*~*~ (hiding).
  4033 | D:5      | 4033 ||| Stepping ~*~*~tactically~*~*~ (hiding).
  4035 | D:5      | 4035 ||| Stepping ~*~*~tactically~*~*~ (hiding).
  4044 | D:5      | Reached XP level 7. HP: 28/40 MP: 11/11
  4159 | D:5      | 4159 ||| Stepping ~*~*~tactically~*~*~ (stealth).
  4166 | D:5      | Reached skill level 3 in Fighting
  4172 | D:5      | HP: 5/41 [orc priest/nerve-wracking pain (8)]
  4173 | D:5      | 4173 ||| READING scroll of teleportation.
  4173 | D:5      | Killed from afar by an orc priest

Levels and vault maps discovered:
D:1:      psy_arrival_spokes, layout_basic, ebering_ecumenical_altar_ruins,
          serial_shops, nicolae_shop_window_shopping, shop_statue,
          nicolae_shop_advertising_works [nicolae_subvault_shop_adworks], shop,
          minmay_split_cup_small
D:2:      minmay_roachtagon, layout_loops_cross, minivault_4
D:3:      layout_basic, chequers_serial_rivers_marsh
D:4:      layout_cave_pools, lemuel_coloured_pillars_altar,
          gammafunk_ghost_mausoleum, serial_park, serial_park_square1
          [serial_park_minivault_5x5_6], serial_park_tiny_pond,
          serial_park_square3 [serial_park_minivault_5x5_4], serial_park_square3
          [serial_park_minivault_5x5_3], corexii_checkpoint_a
D:5:      layout_cave_pools

Skill      XL: |  1  2  3  4  5  6  7 |
---------------+----------------------+-----
Axes           | 3 4 5 6 7 |  7.3
Armour         | 2 |  2.7
Fighting       | 3 |  3.5
Throwing       | |  1.0
Dodging        | |  2.1
Spellcasting   | |  2.0
Translocations | |  2.4

Action                   |  1- 3 |  4- 6 |  7- 9 || total
-------------------------+-------+-------+-------++-------
Melee: Hand axe          |    88 |   139 |    17 ||   244
       Kick              |    22 |    40 |     3 ||    65
       Peck              |     5 |    25 |     5 ||    35
       Punch             |       |     2 |       ||     2
Throw: Boomerang         |     7 |    29 |     3 ||    39
  Use: Scroll            |     3 |     6 |     1 ||    10
       Potion            |     2 |       |       ||     2
 Stab: Sleeping          |     1 |       |       ||     1
Armor: Leather armour    |    16 |     6 |       ||    22
       Ring mail         |       |     9 |       ||     9
       Chain mail        |       |     9 |     8 ||    17
Dodge: Dodged            |    45 |    91 |    10 ||   146

Table legend:
 A = Non-vault XP
 B = Vault XP
 C = Vault XP percentage of total XP
 D = Non-vault monster count
 E = Vault monster count
 F = Vault count percentage of total count
                 A         B        C        D         E       F
            +---------+---------+-------+---------+---------+-------
      Total |     563 |     212 |  27.4 |      68 |      26 |  27.7
            +---------+---------+-------+---------+---------+-------
        D:1 |      42 |       5 |  10.6 |      22 |       3 |  12.0
        D:2 |      78 |      20 |  20.4 |      18 |      10 |  35.7
        D:3 |      20 |       0 |   0.0 |      12 |       0 |   0.0
        D:4 |     117 |     187 |  61.5 |       6 |      13 |  68.4
        D:5 |     306 |       0 |   0.0 |      10 |       0 |   0.0
            +---------+---------+-------+---------+---------+-------
